AoeStats
← Flint

Arena

510280317Analyzed
2v2 RM · 5h ago on Sep 30, 2026· 32m 9s· 4 players
Game mode
Random Map
Map size
Medium (4 player)
Population
200
Speed
Normal
Resources
Standard
Victory
Conquest
Starting age
Dark Age
Ending age
Imperial Age
RankedLock teamsTeams togetherTeam positionsShared explorationLock speedFull tech treeHidden civsTurbo modeCheats
Victory
Defeat
🇹🇷 Burgundians · Türkiye
782
+12
🇮🇹 Persians · Italy
776
+12
🇹🇷 Bohemians · Türkiye
687
-12
🇪🇸 Saxons · Spain
681
-12
Flint
12:12 Feudal Age
12:51 Horse Collar
19:49 Castle Age
18:44 Stone Mining
18:40 Double-Bit Axe
21:14 Wheelbarrow
21:16 Heavy Plow
21:26 Bow Saw
25:53 Hand Cart
27:22 Forging
27:12 Scale Mail Armor
27:28 Gold Mining
sburaks
17:51 Feudal Age
22:40 Wheelbarrow
28:26 Castle Age
26:27 Horse Collar
26:34 Double-Bit Axe
TIMUR
9:44 Feudal Age
8:19 Double-Bit Axe
15:54 Castle Age
14:56 Bow Saw
16:51 Stone Mining
16:54 Gold Mining
20:53 Cavalier
21:29 Loom
22:30 Scale Barding Armor
23:20 Forging
24:31 Chain Barding Armor
28:55 Iron Casting
raffaelepierri1987
10:37 Feudal Age
17:44 Castle Age
15:44 Horse Collar
15:55 Double-Bit Axe
16:45 Stone Mining
18:23 Heavy Plow
20:49 Wheelbarrow
23:37 Hand Cart
23:55 Gold Mining
26:18 Gold Shaft Mining
Connection lost

Rejoining the realm…

Still unreachable

The connection could not be restored.

Session expired

The server has moved on; the page needs a fresh start.